 Dungeon Crawl Stone Soup version 0.14-a0-586-g2535b90 (webtiles) character file.

240 Malachi the Digger (level 4, -3/26 HPs)
             Began as a Lava Orc Earth Elementalist on Nov 3, 2013.
             Killed from afar by a hobgoblin (5 damage)
             ... with a wand of magic darts
             ... on Level 3 of the Dungeon.
             The game lasted 00:03:55 (1886 turns).

Malachi the Digger (Lava Orc Earth Elementalist)    Turns: 1886, Time: 00:03:55

HP  -3/26        AC  3     Str 10      XL: 4   Next: 76%
MP   3/7         EV 18     Int 16      God:
Gold 119         SH  0     Dex 16      Spells:  1 memorised,  4 levels left

Res.Fire  : + + +   See Invis. : .   g - +2,+4 whip
Res.Cold  : x . .   Warding    : .   c - +0 orc robe
Life Prot.: . . .   Conserve   : .   (no shield)
Res.Poison: .       Res.Corr.  : .   (no helmet)
Res.Elec. : .       Clarity    : .   (no cloak)
Sust.Abil.: . .     Spirit.Shd : .   h - +0 pair of gloves
Res.Mut.  : .       Stasis     : .   (no boots)
Res.Rott. : .       Flight     : .   (no amulet)
Saprovore : + . .                    i - ring of protection from magic {unknown}
                                     p - +1 ring of evasion

@: agile, mildly poisoned, very slightly contaminated, somewhat resistant to
hostile enchantments, stealthy
A: hooves 1, conserve scrolls, -20% hp, saprovore 1
a: no special abilities


You were on level 3 of the Dungeon.
You were not hungry.

You visited 1 branch of the dungeon, and saw 3 of its levels.

You collected 119 gold pieces.

Inventory:

Hand weapons
 g - a +2,+4 whip (weapon)
 A - a +0,+0 glaive
Missiles
 b - 69 stones (quivered)
Armour
 c - a +0 orcish robe (worn)
 h - a +0 pair of gloves (worn)
Comestibles
 a - a meat ration
 f - an apple
 o - a pear
 r - a bread ration
 z - a banana
 B - a chunk of adder flesh
Scrolls
 j - a scroll of enchant weapon II {unknown}
 k - 2 scrolls of fog {unknown}
 m - a scroll of curse jewellery {unknown}
 s - 2 scrolls of remove curse {unknown}
 u - a scroll of noise {unknown}
 w - 2 scrolls of curse armour {unknown}
 x - a scroll of identify {unknown}
 y - a scroll of enchant weapon I {unknown}
Jewellery
 i - a ring of protection from magic (right hand) {unknown}
 p - a +1 ring of evasion (left hand)
 q - an uncursed amulet of stasis {unknown}
Potions
 e - a potion of speed
 t - a potion of brilliance {unknown}
 v - a potion of curing {unknown}
Books
 d - a book of Geomancy

   Spells                             Type                      Level
   *Sandblast                         Earth                        1
   Stoneskin                          Transmutation/Earth          2
   Passwall                           Transmutation/Earth          3
   Stone Arrow                        Conjuration/Earth            3
   Petrify                            Transmutation/Earth          4
   Lee's Rapid Deconstruction         Earth                        5


   Skills:
 + Level 1.0 Fighting
 + Level 0.7 Maces & Flails
 - Level 1.5 Dodging
 - Level 1.5 Stealth
 + Level 1.2 Spellcasting
   Level 1.3 Transmutations
 * Level 5.6 Earth Magic


You had 4 spell levels left.
You knew the following spells:

 Your Spells              Type           Power        Failure   Level  Hunger
a - Sandblast             Erth           ###...       2%          1    ##.....


Dungeon Overview and Level Annotations

Branches:
Dungeon (3/27)

Altars:
Vehumet


Innate Abilities, Weirdness & Mutations

You have stony skin.
Your flesh is almost immune to the effects of heat.
Your fire spells are more powerful.
Your flesh is vulnerable to cold.
Your heat harms attackers.
You bathe your surroundings in blazing heat.
You are too hot to use scrolls.
You are very good at protecting items from fire.
You can tolerate rotten meat.
You have large cloven feet.
You are very frail (-20% HP).


Message History

Drink which item? (? for menu, Esc to quit)
You feel extremely strange.
You feel frail.
Your feet thicken and deform.
It was a potion of mutation.
Drink which item? (? for menu, Esc to quit)
You feel more agile all of a sudden.
It was a potion of agility.
The goblin is burned by your radiant heat.
The goblin is heavily wounded.
The goblin closely misses you.
You hit the goblin.
You kill the goblin!
The orc is burned by your radiant heat.
You kill the orc!
Your Fighting skill increases to level 1!
The hobgoblin is burned by your radiant heat.
The hobgoblin is heavily wounded.
The hobgoblin zaps a wand.
The magic dart hits you!
You die...

#################
#..@go...).......
#.#######.##.....
#.# .# # . #.# ..
... #.# .## _.#.#
#.# .# ..... #.#
.# #.... #.# .##.
...... #.# ...#
#.....


You could see an orc and a hobgoblin.

Vanquished Creatures
  5 adders
  A gnoll (D:1)
  2 giant geckos
  2 oozes
  2 orcs (D:3)
  10 goblins
  7 hobgoblins
  2 quokkas
  3 bats
  6 giant cockroaches
  2 giant newts
  9 kobolds
  11 rats
62 creatures vanquished.

Notes
Turn   | Place    | Note
--------------------------------------------------------------
     0 | D:1      | Malachi, the Lava Orc Earth Elementalist, began the quest for the Orb.
     0 | D:1      | Reached XP level 1. HP: 14/14 MP: 3/3
   195 | D:1      | Reached XP level 2. HP: 17/20 MP: 4/4
   333 | D:1      | Reached skill level 4 in Earth Magic
   416 | D:1      | Reached XP level 3. HP: 20/26 MP: 5/5
  1239 | D:2      | Reached skill level 5 in Earth Magic
  1404 | D:3      | Reached XP level 4. HP: 27/33 MP: 7/7
  1679 | D:3      | Found a radiant altar of Vehumet.
  1874 | D:3      | HP: 1/33 [goblin (3)]
  1879 | D:3      | HP: 1/33 [poisoned by an adder]
  1883 | D:3      | Gained mutation: You are frail (-10% HP). [potion of mutation]
  1883 | D:3      | Gained mutation: You are very frail (-20% HP). [potion of mutation]
  1883 | D:3      | Gained mutation: You have large cloven feet. [potion of mutation]
  1885 | D:3      | Reached skill level 1 in Fighting
  1886 | D:3      | Killed from afar by a hobgoblin

Action                   |  1- 3 |  4- 6 || total
-------------------------+-------+-------++-------
Melee: Unarmed           |     7 |       ||     7
       Whip              |   119 |    63 ||   182
       Glaive            |       |     3 ||     3
 Cast: Sandblast         |     4 |     4 ||     8
  Use: Potion            |       |     2 ||     2
 Stab: Sleeping          |     3 |       ||     3
